 Dungeon Crawl Stone Soup version 0.17-a0-2231-gd80ca38 (webtiles) character file.

1068 Winbot the Ducker (level 8, -4/49 HPs)
             Began as a Kobold Berserker on Oct 29, 2015.
             Was a Priest of Trog.
             Killed by divine providence
             ... invoked by an orc priest
              (17 damage)
             ... on level 5 of the Dungeon.
             The game lasted 00:24:18 (5385 turns).

Winbot the Ducker (Kobold Berserker)                Turns: 5385, Time: 00:24:18

Health: -4/49      AC:  8    Str: 17    XL:     8   Next: 53%
Magic:  8/8        EV: 21    Int:  5    God:    Trog [***...]
Gold:   170        SH:  0    Dex: 16    Spells: 0 memorised, 7 levels left

rFire  . . .     SeeInvis .     m - +2 short sword (distort)
rCold  . . .     Clarity  .     h - +1 ring mail
rNeg   . . .     SustAt   .     (shield restricted)
rPois  .         Gourm    .     (no helmet)
rElec  .         Spirit   .     (no cloak)
rCorr  .         Warding  .     o - +0 pair of gloves
rMut   .         Stasis   .     (no boots)
MR     .....                    (no amulet)
Stlth  ++........               (no ring)
                                l - +3 ring of evasion

@: not resistant to hostile enchantments, unstealthy
A: carnivore 3
a: Berserk, Trog's Hand, Burn Spellbooks, Renounce Religion


You were on level 5 of the Dungeon.
You worshipped Trog.
Trog was most pleased with you.
You were very full.

You visited 1 branch of the dungeon, and saw 5 of its levels.

You collected 170 gold pieces.

Inventory:

Hand Weapons
 d - a +0 flail
 m - a +2 short sword of distortion (weapon)
Missiles
 f - 21 poisoned needles
Armour
 h - a +1 ring mail (worn)
 o - a +0 pair of gloves (worn)
 r - a +0 plate armour
Jewellery
 l - a +3 ring of evasion (left hand)
Scrolls
 a - a scroll of magic mapping
 e - a scroll of noise {unknown}
 g - a scroll of remove curse
Potions
 b - a potion of heal wounds {unknown}
Comestibles
 c - a meat ration
 k - 3 bread rations


   Skills:
 + Level 5.2 Fighting
 + Level 3.0 Short Blades
 + Level 1.9 Maces & Flails
   Level 2.8 Polearms
 + Level 4.3 Armour
 + Level 7.1 Dodging
 + Level 2.4 Stealth


You had 7 spell levels left.
You didn't know any spells.

Dungeon Overview and Level Annotations

Branches:
Dungeon (5/15)
 Temple: D:4-7

Altars:
Cheibriados
Dithmenos
Kikubaaqudgha
Nemelex Xobeh

Annotations:
Abyss:1 Ijyb


Innate Abilities, Weirdness & Mutations

You are small and have problems with some larger weapons.
You are carnivorous and can eat meat at any time.


Message History

Things that are here:
a falchion; a scale mail; an orc corpse The orc priest closely misses you.
Things that are here:
a dagger; a ring mail; an orc corpse You hit the orc priest.
The orc priest is heavily wounded.
The orc priest blinks!
The orc hits you with a whip. The orc completely misses you.
The orc priest calls down the wrath of Beogh upon you.
Something smites you!
* * * LOW HITPOINT WARNING * * *
Things that are here:
2 tomahawks; an orc corpse You puncture the orc!
The orc looks slightly unstable.
The orc is almost dead.
The orc misses you.
The orc priest invokes the aid of Beogh against you.
Something smites you!
You die...

#.### #......#.. ....
....###.#.. #..#
#####.##...# #..#
#...... #?#.###..######
##.###. #......).......#
##....
###.###).######.###.###.
#.###o.# #.#.###..
#..o.@.# #.......
#####..########..#....
#######.................
........#####.###.##....
#######..........#.##...
#.#####.#.###..... #.#
##.##.# ##.##
#(####...##.# #...
#........# ## .


You could see an orc priest and an orc.

Vanquished Creatures
  An ice beast (D:5)
  A sky beast (D:5)
  An ogre (D:3)
  2 orc priests (D:3)
  2 hounds (D:5)
  2 orc wizards
  An iguana (D:5)
  A worker ant (D:5)
  2 human skeletons (D:4)
  10 gnolls
  5 adders
  2 oozes
  4 worms
  5 giant geckos
  10 orcs
  4 giant cockroaches
  7 hobgoblins
  6 jackals
  12 kobolds
  A quokka (D:4)
  13 bats
  A giant gecko skeleton (D:4)
  A giant gecko zombie (D:5)
  6 giant newts
  5 goblins
  2 orc skeletons (D:4)
  10 rats
117 creatures vanquished.

Vanquished Creatures (others)
  The ghost of superterranean the Insei, an amateur OpTm (D:3)
  An elf zombie (D:4)
  An elf skeleton (D:4)
  An orc priest (D:4)
  2 orc wizards
  A gnoll (D:4)
  An adder (D:3)
  2 orcs (D:4)
10 creatures vanquished.

Grand Total: 127 creatures vanquished

Notes
Turn   | Place    | Note
--------------------------------------------------------------
     0 | D:1      | Winbot the Kobold Berserker began the quest for the Orb.
     0 | D:1      | Reached XP level 1. HP: 14/14 MP: 1/1
   117 | D:1      | Reached XP level 2. HP: 13/19 MP: 2/2
   719 | D:1      | Reached XP level 3. HP: 23/23 MP: 3/3
   760 | D:1      | Reached ** piety under Trog
  1204 | D:2      | Reached XP level 4. HP: 14/29 MP: 4/4
  1453 | D:2      | Found a sparkling altar of Nemelex Xobeh.
  1750 | D:2      | Found an ancient bone altar of Kikubaaqudgha.
  2076 | D:2      | You fall through a shaft!
  2076 | D:3      | Noticed an ogre
  2083 | D:3      | Killed an ogre
  2083 | D:3      | Reached skill level 4 in Fighting
  2083 | D:3      | Reached XP level 5. HP: 33/33 MP: 5/5
  2096 | D:3      | Reached skill level 1 in Maces & Flails
  2272 | D:3      | Reached XP level 6. HP: 38/38 MP: 6/6
  2458 | D:3      | Found a shadowy altar of Dithmenos.
  2739 | D:3      | Reached *** piety under Trog
  2750 | D:3      | Noticed Ijyb
  2918 | D:3      | Banished Ijyb
  3013 | D:3      | Noticed superterranean's ghost (amateur OpTm)
  3319 | D:3      | Banished superterranean's ghost
  3319 | D:3      | Reached skill level 1 in Stealth
  3448 | D:3      | Reached skill level 5 in Dodging
  3448 | D:3      | Reached XP level 7. HP: 12/44 MP: 7/7
  3783 | D:4      | Found a snail-covered altar of Cheibriados.
  4358 | D:4      | Reached skill level 1 in Short Blades
  4631 | D:4      | Reached skill level 6 in Dodging
  4825 | D:4      | Reached XP level 8. HP: 37/48 MP: 8/8
  4869 | D:5      | Entered Level 5 of the Dungeon
  4915 | D:5      | Reached skill level 5 in Fighting
  5277 | D:5      | Reached skill level 7 in Dodging
  5385 | D:5      | Killed from afar by an orc priest

Vault maps used:
D:1:      shiori_arrival_elements, glass_columns_a
D:2:      nemelex_xobeh_ov_fountains_minmay, kiku_gazebo_pond_becter
D:3:      overflow_temple_1_default, first_bread, uniq_iyjb
D:4:      nicolae_overflow_crystal_walls, nicolae_ossuary_entry_catacombs

Action                   |  1- 3 |  4- 6 |  7- 9 || total
-------------------------+-------+-------+-------++-------
Melee: Spear             |   152 |     5 |       ||   157
       Flail             |       |    83 |       ||    83
       Short sword       |       |    59 |   194 ||   253
Invok: Berserk           |     1 |     1 |     2 ||     4
       Trog's Hand       |     1 |     1 |     1 ||     3
  Use: Scroll            |     6 |     5 |     2 ||    13
       Potion            |     2 |       |     7 ||     9
 Stab: Sleeping          |       |     1 |       ||     1
  Eat: Chunk             |    10 |     9 |     8 ||    27
